Map: New Richmond

Players

Hapye

  • Race: Terran Terran
  • Spawn Location: 6:00

Darwin

  • Race: Zerg Zerg
  • Spawn Location: 5:00

Acredo

  • Race: Terran Terran
  • Spawn Location: 7:00

Rugi - Winner!

  • Race: Zerg Zerg
  • League: Master
  • Spawn Location: 3:00

Loken - Winner!

  • Race: Protoss Protoss
  • League: Platinum
  • Spawn Location: 12:00

dallaskuken - Winner!

  • Race: Protoss Protoss
  • League: Platinum
  • Spawn Location: 11:00

VOD

Have the link to the VOD?

Description

Time

  • Played on: March 30, 2017, 6:48 p.m.
  • Length: 12:15
Show
View Real Time Build Order
Export as new Build Order

Hapye Terran 

Build Orders: Cyclone Opening 

Get SALT Encoding   

  12  0:01  SCV  
  13  0:14  Supply Depot  
  13  0:18  SCV  
  14  0:30  SCV  
  15  0:42  SCV, Barracks  
  16  0:48  Refinery  
  16  0:52  Refinery  
  16  0:55  SCV  
  17  1:09  SCV  
  18  1:21  SCV  
  18  1:23  Supply Depot  
  19  1:35  Factory  
  19  1:46  Barracks Reactor  
  19  2:25  Supply Depot  
  19  2:40  Cyclone  
  19  2:41  Cyclone  
  25  2:52  SCV  
  26  3:04  SCV  
  27  3:13  Cyclone x2  
  27  3:15  Supply Depot  
  27  3:17  SCV  
  34  3:32  Supply Depot  
  34  3:33  Orbital Command  
  34  4:17  Cyclone x2  
  40  4:26  Command Center  
  34  5:12  Cyclone x2  
  34  5:26  SCV  
  35  5:33  Factory  
  35  5:38  SCV  
  36  5:44  Cyclone x2  
  42  5:50  SCV  
  40  6:02  SCV  
  41  6:09  SCV  
  42  6:12  Refinery  
  42  6:15  SCV  
  42  6:16  Cyclone  
  46  6:20  Refinery  
  46  6:21  SCV  
  47  6:27  SCV  
  45  6:33  SCV  
  45  6:39  SCV  
  44  6:45  SCV  
  39  6:51  SCV  
  40  6:57  SCV  
  41  7:03  SCV  
  42  7:20  SCV  
  43  7:32  SCV  
  44  7:38  Command Center  
  44  7:44  SCV  
  45  7:56  SCV  
  46  8:00  Command Center  
  46  8:08  SCV  
  47  8:17  Starport x2  
  47  8:31  Orbital Command  
  47  8:44  Supply Depot  
  47  9:03  Fusion Core, Starport Tech Lab x2  
  47  9:06  Supply Depot  
  47  9:10  Starport  
  46  9:18  Starport  
  46  9:22  Widow Mine x2  
  50  9:30  Supply Depot  
  50  9:52  Starport Tech Lab  
  50  9:55  Starport Tech Lab  
  50  9:58  Battlecruiser  
  50  9:59  Battlecruiser  
  68  10:14  Battlecruiser  
  68  10:15  Battlecruiser  
  74  10:25  SCV, Supply Depot x2  
  75  10:30  SCV  
  75  10:34  Refinery  
  76  10:38  SCV  
  76  10:42  SCV  
  78  10:49  Supply Depot  
  78  10:50  SCV  
  78  10:51  Supply Depot  
  78  10:54  SCV  
  80  11:03  Battlecruiser x2  
  92  11:06  SCV  
  93  11:12  Weapon Refit  
  93  11:14  Supply Depot  
  93  11:16  Supply Depot  
Show
View Real Time Build Order
Export as new Build Order

Darwin Zerg 

Build Orders: Pool First 

Get SALT Encoding   

  12  0:09  Drone  
  13  0:15  Overlord  
  13  0:35  Spawning Pool  
  12  1:04  Hatchery  
  12  1:10  Drone  
  13  1:11  Drone  
  13  1:15  Drone  
  14  1:57  Queen  
  16  2:07  Extractor  
  15  2:19  Spine Crawler  
  14  2:23  Zergling x2  
  14  2:24  Queen  
  14  2:27  Drone x3  
  20  2:36  Extractor  
  20  2:48  Drone x2  
  20  2:51  Drone x2  
  22  3:07  Spine Crawler  
  22  3:16  Zergling x4  
  21  3:23  Baneling Nest  
  20  3:27  Spine Crawler  
  20  3:31  Spine Crawler  
  18  3:40  Hatchery  
  17  3:43  Drone x4  
  17  3:47  Zergling x4  
  23  4:16  Zergling x2  
  22  4:19  Baneling x4  
  22  4:24  Extractor  
  21  4:55  Zergling x2  
  21  4:56  Zergling x12  
  28  5:01  Metabolic Boost  
  28  5:16  Overlord x2  
  28  5:28  Lair  
  28  5:33  Queen  
  30  5:36  Drone x3  
  33  6:00  Zergling x10  
  38  6:31  Baneling  
  38  6:32  Baneling x6  
  38  6:33  Baneling x3  
  38  6:40  Unknown  
  26  7:34  Roach Warren  
  23  7:48  Hatchery  
  22  8:17  Hydralisk Den  
  21  8:21  Roach  
  21  8:22  Roach x8  
  21  8:25  Overlord  
  39  8:50  Zergling x4  
  39  8:51  Zergling x4  
  39  8:52  Zergling x2  
  44  8:59  Zergling x2  
  45  9:07  Drone  
  45  9:09  Drone  
  47  9:15  Drone  
  44  9:44  Zergling x12  
  48  9:46  Zergling x2  
  49  10:18  Overlord x2  
  49  10:19  Overlord  
  49  10:37  Hydralisk  
  49  10:40  Hydralisk  
  49  10:41  Hydralisk  
  49  10:42  Hydralisk  
  57  11:08  Drone x7  
  39  11:49  Hydralisk x2  
  39  11:50  Hydralisk x4  
Show
View Real Time Build Order
Export as new Build Order

Acredo Terran 

Build Orders:  

Get SALT Encoding   

  12  0:06  SCV  
  13  0:18  SCV  
  14  0:22  Supply Depot  
  14  0:30  SCV  
  15  0:51  Refinery  
  15  0:52  Refinery  
  15  0:54  Barracks  
  15  1:29  SCV  
  16  1:35  Supply Depot  
  16  1:41  SCV  
  16  1:42  Marine  
  18  1:53  SCV  
  19  1:59  Bunker  
  19  2:00  Marine  
  20  2:06  SCV  
  18  2:18  SCV  
  18  3:38  Supply Depot  
  18  3:58  Supply Depot  
  18  3:59  Marine  
  19  4:04  Refinery  
  19  4:06  Refinery  
  19  4:09  Supply Depot  
  19  4:17  Marine  
  19  4:20  Orbital Command  
  20  4:35  Marine  
  21  4:47  Bunker  
  21  4:52  Marine  
  22  5:04  Barracks  
  22  5:10  Marine  
  23  5:19  Bunker  
  23  5:28  Marine  
  24  5:46  Marine  
  25  5:52  Bunker  
  25  6:02  Barracks Tech Lab  
  25  6:04  Marine  
  24  6:51  Marine  
  24  6:52  Marine  
  26  7:06  Barracks  
  26  7:09  Marine  
  26  7:10  Marine  
  28  7:17  Combat Shields  
  28  7:27  Marine x2  
  30  7:45  Marine x2  
  32  7:55  Barracks  
  32  8:03  Marine x2  
  34  8:06  Barracks Reactor  
  34  8:20  Marine  
  34  8:21  Marine  
  36  8:36  Factory, Stimpack  
  36  8:38  Marine  
  36  8:39  Marine  
  38  8:43  Barracks  
  38  8:49  Supply Depot  
  38  8:56  Marine  
  38  9:02  Command Center  
  39  9:10  Marine x4  
  39  9:11  Supply Depot  
  39  9:14  Marine  
  43  9:28  Marine x4  
  46  9:32  Marine  
  46  9:33  Supply Depot  
  39  9:46  Marine x4  
  39  9:48  Marine  
  39  9:49  Marine  
  42  10:03  Marine x4  
  42  10:06  Marine  
  47  10:07  Marine  
  48  10:21  Marine x3  
  48  10:47  Marine x4  
  48  10:48  Marine x2  
  47  11:05  Marine x6  
  47  11:09  Factory Tech Lab  
  50  11:23  Marine x6  
  13  11:40  Marine  
  13  11:41  Marine x5  
Show
View Real Time Build Order
Export as new Build Order

Rugi Zerg - Winner!

Build Orders: Hatch First, Lurkers 

Get SALT Encoding   

  12  0:03  Drone  
  13  0:16  Overlord  
  13  0:19  Drone  
  14  0:34  Drone  
  14  0:35  Drone  
  16  0:38  Drone  
  17  0:57  Hatchery  
  17  1:00  Drone  
  17  1:01  Drone  
  17  1:03  Extractor  
  17  1:17  Spawning Pool, Drone  
  17  1:21  Drone  
  18  1:32  Drone  
  19  1:43  Overlord  
  19  2:05  Zergling x4  
  19  2:06  Metabolic Boost  
  19  2:07  Queen  
  23  2:09  Queen  
  23  2:10  Drone  
  26  2:16  Drone  
  26  2:21  Drone  
  28  2:31  Spine Crawler  
  28  2:32  Drone x2  
  29  2:38  Zergling x2  
  30  2:44  Spine Crawler  
  30  2:48  Queen  
  30  2:49  Queen  
  33  3:09  Drone x3  
  37  3:21  Overlord  
  37  3:32  Overlord x2  
  37  3:48  Hatchery  
  37  3:54  Drone x7  
  37  3:55  Drone x3  
  46  4:17  Drone x5  
  46  4:19  Extractor  
  46  4:20  Extractor  
  46  4:21  Roach Warren  
  46  4:25  Drone x2  
  46  4:26  Drone  
  46  4:29  Drone x2  
  51  4:45  Queen  
  54  4:48  Baneling Nest  
  53  4:55  Drone x3  
  53  4:58  Overlord  
  56  5:01  Lair  
  56  5:02  Roach  
  56  5:03  Roach x3, Extractor  
  61  5:17  Roach  
  61  5:18  Roach x4  
  61  5:20  Drone x2  
  73  5:21  Overlord x2  
  73  5:34  Overlord  
  73  5:38  Overlord  
  73  5:39  Queen x2  
  73  5:40  Drone x3  
  73  5:41  Drone  
  81  5:44  Drone  
  81  5:45  Drone  
  81  5:49  Spore Crawler  
  82  5:50  Drone, Spore Crawler  
  82  5:51  Drone x3  
  82  5:57  Baneling x5  
  85  6:06  Drone x6  
  85  6:07  Drone  
  85  6:09  Extractor x2  
  90  6:12  Overseer  
  90  6:21  Drone x3  
  90  6:22  Drone  
  94  6:27  Queen  
  96  7:01  Overlord x2  
  96  7:03  Ravager x2  
  98  7:14  Hatchery  
  97  7:17  Overlord x2  
  97  7:18  Roach  
  97  7:19  Roach x11  
  97  7:20  Glial Reconstitution  
  97  7:21  Overseer  
  121  7:25  Hatchery, Hydralisk Den  
  121  7:27  Drone  
  121  7:29  Drone, Spore Crawler x2  
  119  7:32  Drone x2  
  119  7:34  Spine Crawler  
  120  7:56  Muscular Augments  
  120  7:57  Overlord x4  
  120  7:58  Hydralisk x7  
  120  7:59  Hydralisk  
  120  8:02  Overlord x2  
  136  8:24  Drone x2  
  138  8:31  Hydralisk x11  
  138  8:32  Hydralisk x4  
  168  8:46  Overseer  
  168  8:51  Drone x3, Extractor  
  168  8:55  Drone x3, Evolution Chamber x2, Extractor  
  168  8:56  Drone x5  
  175  9:07  Ravager x5  
  175  9:08  Ravager x3  
  183  9:11  Spore Crawler  
  183  9:12  Spine Crawler  
  181  9:18  Lurker Den  
  181  9:22  Zerg Ground Armor Level 1, Zerg Missile Weapons Level 1  
  181  9:24  Overlord x2  
  181  9:27  Hydralisk  
  181  9:28  Hydralisk x3  
  181  9:30  Overlord  
  189  9:32  Overlord  
  189  9:43  Drone  
  189  9:45  Hydralisk x4  
  198  10:47  Hatchery  
  197  10:53  Hatchery, Lurker  
  197  10:54  Lurker x2  
  199  10:59  Lurker  
  199  11:00  Lurker x4  
  199  11:07  Hatchery  
  198  11:13  Infestation Pit, Hatchery  
  189  11:37  Hydralisk x6  
  189  11:38  Hydralisk  
Show
View Real Time Build Order
Export as new Build Order

Loken Protoss - Winner!

Build Orders: 1 Gate Expand 

Get SALT Encoding   

  12  0:01  Probe (Chrono Boost)  
  13  0:12  Probe (Chrono Boost)  
  14  0:19  Pylon  
  14  0:23  Probe (Chrono Boost)  
  15  0:37  Probe (Chrono Boost)  
  15  0:40  Gateway  
  16  0:47  Probe (Chrono Boost)  
  17  0:59  Probe (Chrono Boost)  
  17  1:03  Assimilator  
  18  1:10  Probe (Chrono Boost)  
  19  1:20  Probe (Chrono Boost)  
  20  1:28  Nexus  
  20  1:38  Cybernetics Core, Probe (Chrono Boost)  
  21  1:48  Probe (Chrono Boost)  
  21  1:52  Pylon  
  22  1:59  Probe (Chrono Boost)  
  23  2:02  Assimilator  
  23  2:04  Warp Gate  
  23  2:10  Probe (Chrono Boost)  
  24  2:19  Stalker  
  26  2:29  Gateway  
  26  2:31  Gateway  
  26  2:35  Gateway  
  26  2:41  Probe (Chrono Boost)  
  28  2:44  Probe (Chrono Boost)  
  28  2:53  Probe (Chrono Boost)  
  28  2:55  Probe (Chrono Boost)  
  30  3:00  Twilight Council  
  30  3:06  Forge  
  30  3:12  Pylon  
  30  3:16  Probe (Chrono Boost)  
  32  3:20  Probe (Chrono Boost)  
  32  3:26  Probe (Chrono Boost)  
  33  3:31  Pylon  
  33  3:32  Probe (Chrono Boost)  
  34  3:37  Probe (Chrono Boost)  
  35  3:44  Probe (Chrono Boost)  
  30  4:07  Probe (Chrono Boost)  
  32  4:10  Probe (Chrono Boost)  
  32  4:13  Adept x3  
  32  4:14  Adept  
  40  4:18  Probe (Chrono Boost)  
  40  4:22  Probe (Chrono Boost)  
  42  4:29  Resonating Glaives  
  38  4:40  Adept x4  
  38  5:02  Stalker x4  
  44  5:12  Probe (Chrono Boost)  
  38  5:15  Probe (Chrono Boost)  
  38  5:19  Protoss Ground Weapons Level 1  
  38  5:23  Probe (Chrono Boost)  
  38  5:27  Adept x4, Probe (Chrono Boost)  
  40  5:50  Stalker x3  
  40  5:51  Stalker  
  46  6:01  Assimilator  
  46  6:04  Probe (Chrono Boost)  
  46  6:06  Assimilator  
  46  6:07  Probe (Chrono Boost)  
  48  6:15  Probe (Chrono Boost)  
  48  6:17  Adept x4  
  58  6:19  Probe (Chrono Boost)  
  58  6:26  Probe (Chrono Boost)  
  58  6:31  Probe (Chrono Boost)  
  54  6:45  Adept x4  
  58  7:02  Gateway  
  58  7:05  Gateway  
  58  7:07  Gateway  
  58  7:09  Gateway  
  44  7:17  Stalker  
  44  7:18  Stalker x2  
  44  7:21  Stalker  
  52  7:35  Photon Cannon  
  52  7:38  Photon Cannon  
  52  7:39  Photon Cannon  
  52  7:44  Photon Cannon  
  52  7:45  Blink  
  52  7:52  Stalker x3  
  52  7:53  Stalker  
  60  7:59  Protoss Ground Weapons Level 2  
  60  8:08  Pylon  
  60  8:09  Pylon  
  60  8:10  Pylon  
  60  8:12  Pylon  
  60  8:13  Pylon  
  60  8:14  Pylon  
  60  8:32  Stalker x5  
  60  8:33  Stalker x2  
  74  8:51  Nexus  
  74  8:56  Sentry x3  
  70  9:57  Adept x3  
  70  9:58  Adept x4  
  70  9:59  Adept  
  84  10:12  Probe (Chrono Boost)  
  85  10:18  Probe (Chrono Boost)  
  85  10:19  Probe (Chrono Boost)  
  87  10:21  Assimilator  
  87  10:22  Probe (Chrono Boost)  
  87  10:25  Assimilator  
  88  10:30  Adept x4, Templar Archives  
  88  10:31  Adept x4, Probe (Chrono Boost)  
  88  10:33  Probe (Chrono Boost)  
  106  10:44  Probe (Chrono Boost)  
  91  11:50  Stalker x2  
  91  11:51  Stalker x4  
  91  11:52  Stalker x2  
Show
View Real Time Build Order
Export as new Build Order

dallaskuken Protoss - Winner!

Build Orders: Cannon Rush 

Get SALT Encoding   

  12  0:01  Probe (Chrono Boost)  
  13  0:11  Probe (Chrono Boost)  
  14  0:19  Pylon  
  14  0:38  Forge  
  14  0:41  Probe (Chrono Boost)  
  15  0:58  Pylon  
  15  1:06  Pylon  
  15  1:18  Photon Cannon  
  15  1:21  Photon Cannon  
  15  1:29  Photon Cannon  
  15  1:40  Photon Cannon  
  15  1:49  Pylon  
  15  2:11  Photon Cannon  
  15  2:15  Photon Cannon  
  15  2:24  Pylon  
  15  2:47  Nexus  
  15  3:05  Probe (Chrono Boost)  
  16  3:11  Gateway  
  16  3:14  Assimilator  
  16  3:15  Probe (Chrono Boost)  
  17  3:28  Probe (Chrono Boost)  
  18  3:39  Probe (Chrono Boost)  
  19  4:02  Probe (Chrono Boost)  
  19  4:12  Probe (Chrono Boost)  
  17  4:23  Probe (Chrono Boost)  
  18  4:33  Probe (Chrono Boost)  
  19  4:58  Pylon  
  19  5:03  Probe (Chrono Boost)  
  20  5:10  Pylon  
  20  5:33  Photon Cannon  
  20  5:38  Gateway  
  20  5:44  Probe (Chrono Boost)  
  21  5:54  Probe (Chrono Boost)  
  21  5:56  Cybernetics Core  
  22  6:05  Probe (Chrono Boost)  
  23  6:15  Probe (Chrono Boost)  
  23  6:16  Photon Cannon  
  24  6:18  Photon Cannon  
  24  6:26  Probe (Chrono Boost)  
  24  6:30  Nexus  
  27  6:33  Pylon  
  27  6:37  Probe (Chrono Boost)  
  28  6:44  Zealot  
  27  7:07  Warp Gate  
  27  7:11  Zealot  
  27  7:13  Assimilator  
  27  7:15  Assimilator  
  29  7:20  Probe (Chrono Boost)  
  30  7:24  Pylon  
  30  7:31  Probe (Chrono Boost)  
  31  7:38  Zealot  
  31  7:39  Twilight Council  
  31  7:41  Probe (Chrono Boost)  
  34  7:52  Probe (Chrono Boost)  
  35  8:05  Zealot  
  37  8:23  Templar Archives  
  37  8:30  Probe (Chrono Boost)  
  37  8:32  Stalker, Assimilator  
  40  8:40  Probe (Chrono Boost)  
  40  8:41  Gateway  
  41  8:42  Gateway  
  41  8:44  Gateway x2  
  41  8:51  Probe (Chrono Boost)  
  42  8:56  Photon Cannon  
  42  8:58  Photon Cannon  
  42  9:01  Photon Cannon, Probe (Chrono Boost)  
  42  9:02  Pylon  
  43  9:03  Psionic Storm  
  43  9:12  Probe (Chrono Boost)  
  44  9:43  High Templar x2  
  48  9:58  Zealot x3  
  54  10:21  High Templar x3  
  56  10:46  Sentry x2  
  60  11:01  Dark Shrine  
  52  11:08  High Templar  
  42  11:56  Zealot x2  
  42  11:57  Zealot x4  
Tags
 
Add a new tag
Caveats
  • Supply blocks, unpowered buildings, or Contaminate may cause inaccurate times.
  • Supply counts are checked every 10 seconds.